 Dungeon Crawl Stone Soup version 0.31-b1-17-gcfd88c8481 (webtiles) character file.

Game seed: 3768768175951692497

155 Arctor the Vexing (level 5, 0/41 HPs)
             Began as a Gnoll Hexslinger on Jan 15, 2024.
             Slain by a lemure (3 damage)
             ... led by Pikel
             ... on level 3 of the Dungeon.
             The game lasted 00:01:44 (2565 turns).

Arctor the Vexing (Gnoll Hexslinger)                Turns: 2565, Time: 00:01:44

Health: 0/41       AC:  4    Str:  7    XL:     5   Next: 37%
Magic:  9/9        EV: 14    Int: 12    God:
Gold:   184        SH:  0    Dex: 17    Spells: 10/10 levels left

rFire   . . .        a - +1 sling
rCold   . . .        (no shield)
rNeg    . . .        c - +0 robe
rPois   .            h - +1 hat
rElec   .            (no cloak)
rCorr   .            (no gloves)
SInv    .            k - +0 pair of boots
Will    .....        (no amulet)
Stlth   ++           (no ring)
HPRegen 0.26/turn    (no ring)
MPRegen 0.11/turn

%: no passive effects
@: mighty
A: fangs 1, strong nose, distributed training
a: no special abilities


You were on level 3 of the Dungeon.
You visited 1 branch of the dungeon, and saw 4 of its levels.

You collected 184 gold pieces.

Inventory:

Hand Weapons
 a - a +1 sling (weapon)
Armour
 c - a +0 robe (worn)
 h - a +1 hat (worn)
 k - a +0 pair of boots (worn)
Scrolls
 b - a scroll of poison
 d - 2 scrolls of revelation {unknown}
 e - a scroll of amnesia {unknown}
 f - a scroll of acquirement {unknown}
 g - 2 scrolls of blinking {unknown}
 i - a scroll of teleportation {unknown}
 n - a scroll of identify {unknown}
Potions
 l - a potion of enlightenment {unknown}
 m - a potion of mutation {unknown}


   Skills:
 + Level 3.0 Fighting
 + Level 1.5 Short Blades
 + Level 1.5 Long Blades
 + Level 1.5 Axes
 + Level 1.5 Maces & Flails
 + Level 1.5 Polearms
 + Level 1.5 Staves
 + Level 4.8 Ranged Weapons
 + Level 1.5 Throwing
 + Level 1.5 Armour
 + Level 4.8 Dodging
 + Level 1.5 Stealth
 + Level 1.5 Shields
 + Level 1.5 Unarmed Combat
 + Level 3.2 Spellcasting
 + Level 1.2 Conjurations
 + Level 5.5 Hexes
 + Level 1.2 Summonings
 + Level 1.2 Necromancy
 + Level 1.2 Translocations
 + Level 2.4 Fire Magic
 + Level 1.2 Ice Magic
 + Level 1.2 Air Magic
 + Level 1.2 Earth Magic
 + Level 1.2 Alchemy
 + Level 1.7 Invocations
 + Level 1.5 Evocations
 + Level 1.4 Shapeshifting


You had 10 spell levels left.
You didn't know any spells.
Your spell library contained the following spells:

 Spells                   Type           Power      Damage    Failure   Level
 Jinxbite                 Hex            30%        N/A       3%          2
 Sigil of Binding         Hex            15%        N/A       8%          3
 Inner Flame              Hex/Fire       11%        N/A       14%         3
 Cause Fear               Hex            7%         N/A       24%         4
 Gell's Gravitas          Tloc           4%         N/A       41%         3
 Teleport Other           Tloc           4%         N/A       41%         3
 Dimensional Bullseye     Hex/Tloc       5%         N/A       52%         4
 Dispersal                Tloc           2%         N/A       100%        6


Dungeon Overview and Level Annotations

Branches:
Dungeon (4/15)
 Temple: D:4-7

Altars:
Sif Muna
Zin

Shops:
D:1 *

Annotations:
D:4 Pikel


Innate Abilities, Weirdness & Mutations

You have very sharp teeth.
Your uncanny sense of smell can sniff out nearby items.
Your experience applies equally to all skills.


Message History

The lemure is almost dead.
The lemure barely misses you.
You shoot a sling bullet. The sling bullet hits the lemure.
The lemure is almost dead.
The lemure hits you.
You shoot a sling bullet. The sling bullet hits the lemure.
You kill the lemure!
That felt strangely unrewarding.
No target in view!
You start resting.
HP restored.
You start waiting.
Done waiting.
You can't go up here!
You climb downwards.
Pikel shouts!
You hear a shout! x2
There is a stone staircase leading up here.
You shoot a sling bullet. The sling bullet hits the lemure.
The lemure is lightly wounded.
The lemure hits you! The lemure hits you.
You climb upwards.
There is a stone staircase leading down here.
You shoot a sling bullet.
The sling bullet hits the lemure but does no damage.
The lemure is lightly wounded.
The lemure hits you but does no damage. The lemure hits you.
You shoot a sling bullet. The sling bullet hits the lemure.
The lemure is moderately wounded.
The lemure barely misses you. The lemure hits you. The lemure hits you!
The lemure hits you.
* * * LOW HITPOINT WARNING * * *
It was a potion of might.
You feel very mighty all of a sudden. The lemure hits you!
* * * LOW HITPOINT WARNING * * *
Okay, then.
You shoot a sling bullet. The sling bullet hits the lemure!
The lemure is heavily wounded.
The lemure hits you.
You die...

..............................#..
.#####........###.#..#....#.#.#..
.# #........# #.#...........#..
.# #........# #.#..#........#..
.################.#.[#........#..
................>.........)......
################5...##...........
#5##.###.....###'' ####@##.#
#.).#.#...[ ###
#.......###.....#.### ..#
###.##.####.......#.#..
..#########<.....# ###.#.###.#._
..#........##..#.######.#.###....
..#........##..#........#.#######
..'........##.......#.#.#....####
..#.#########.##..#.#.#.#....#
###..########.....#.#.#.#.####


You could see 2 lemures.

Vanquished Creatures
  A lemure (D:3)
  An orc wizard (D:3)
  6 adders
  2 ribbon worms (D:2)
  2 orcs (D:3)
  7 ball pythons
  7 endoplasms
  5 giant cockroaches
  8 hobgoblins
  2 jackals (D:1)
  3 quokkas
  13 bats
  4 frilled lizards
  2 goblins (D:3)
  4 kobolds
  7 rats
74 creatures vanquished.

Notes
Turn   | Place    | Note
-------+----------+-------------------------------------------
     0 | D:1      | Arctor the Gnoll Hexslinger began the quest for the Orb.
     0 | D:1      | Reached XP level 1. HP: 17/17 MP: 4/4
    99 | D:1      | Reached XP level 2. HP: 19/23 MP: 5/5
   344 | D:1      | Found Ozoin's General Store.
   680 | D:1      | Reached XP level 3. HP: 28/28 MP: 7/7
  1004 | D:2      | Reached skill level 1 in Invocations
  1111 | D:2      | Reached skill level 1 in Short Blades
  1111 | D:2      | Reached skill level 1 in Long Blades
  1111 | D:2      | Reached skill level 1 in Axes
  1111 | D:2      | Reached skill level 1 in Maces & Flails
  1111 | D:2      | Reached skill level 1 in Polearms
  1111 | D:2      | Reached skill level 1 in Staves
  1111 | D:2      | Reached skill level 1 in Throwing
  1111 | D:2      | Reached skill level 1 in Armour
  1111 | D:2      | Reached skill level 1 in Stealth
  1111 | D:2      | Reached skill level 1 in Shields
  1111 | D:2      | Reached skill level 1 in Unarmed Combat
  1111 | D:2      | Reached skill level 1 in Evocations
  1201 | D:2      | Reached skill level 1 in Shapeshifting
  1201 | D:2      | Reached XP level 4. HP: 34/34 MP: 8/8
  1517 | D:2      | Reached skill level 1 in Conjurations
  1517 | D:2      | Reached skill level 1 in Summonings
  1517 | D:2      | Reached skill level 1 in Necromancy
  1517 | D:2      | Reached skill level 1 in Translocations
  1517 | D:2      | Reached skill level 1 in Ice Magic
  1517 | D:2      | Reached skill level 1 in Air Magic
  1517 | D:2      | Reached skill level 1 in Earth Magic
  1517 | D:2      | Reached skill level 1 in Alchemy
  1658 | D:3      | Found a glowing silver altar of Zin.
  1842 | D:3      | Found a shimmering blue altar of Sif Muna.
  1937 | D:3      | Reached XP level 5. HP: 40/40 MP: 9/9
  2397 | D:4      | Noticed a lemure
  2400 | D:4      | Noticed a lemure
  2401 | D:4      | Noticed a lemure
  2414 | D:3      | Killed a lemure
  2555 | D:4      | Noticed Pikel
  2557 | D:4      | Noticed a lemure
  2565 | D:3      | Slain by a lemure

Illustrated notes

Levels and vault maps discovered:
D:1:      dpeg_arrival_orchard, layout_loops_corners, serial_shops,
          nicolae_shop_tiny_waterfront
D:2:      layout_rooms, minmay_goblin_kobold_house
D:3:      layout_basic, lemuel_crystal_altar, mainiacjoe_overflow_alcove_4,
          st_stairs_8
D:4:      layout_cave_pools, elyvilon_altar_1,
          mainiacjoe_overflow_six_doors_small, uniq_menkaure, uniq_pikel,
          uniq_crazy_yiuf_cottage

Skill      XL: |  1  2  3  4  5 |
---------------+----------------+-----
Fire Magic     | 2 |  2.4
Invocations    | 1 |  1.7
Short Blades   | 1 |  1.5
Long Blades    | 1 |  1.5
Axes           | 1 |  1.5
Maces & Flails | 1 |  1.5
Polearms       | 1 |  1.5
Staves         | 1 |  1.5
Throwing       | 1 |  1.5
Armour         | 1 |  1.5
Stealth        | 1 |  1.5
Shields        | 1 |  1.5
Unarmed Combat | 1 |  1.5
Evocations     | 1 |  1.5
Shapeshifting  | 1 |  1.4
Spellcasting   | 3 |  3.2
Conjurations   | 1 |  1.2
Summonings     | 1 |  1.2
Necromancy     | 1 |  1.2
Translocations | 1 |  1.2
Ice Magic      | 1 |  1.2
Air Magic      | 1 |  1.2
Earth Magic    | 1 |  1.2
Alchemy        | 1 |  1.2
Fighting       | 3 |  3.0
Ranged Weapons | |  4.8
Dodging        | |  4.8
Hexes          | |  5.5

Action                     |  1- 3 |  4- 6 || total
---------------------------+-------+-------++-------
   Fire: Sling             |   136 |   116 ||   252
    Use: Potion            |       |     1 ||     1
 Armour: Robe              |    36 |    38 ||    74
  Dodge: Dodged            |    56 |    42 ||    98
